FIQ, neutral male scurrid Tourist r FIQ the Rambler Experience level: 1 Strength: 15 Dexterity: 9 Constitution: 14 Intelligence: 11 Wisdom: 11 Charisma: 15 Health: 8(9) Energy: 2(2) Def: 0 Gold: 1214 Moves: 85 Dungeon seed: 02NPWcZJ6OXGROus Game ID: FIQ_1498603660 Your Inventory: Coins $ - 1214 gold pieces Weapons a - 39 uncursed +2 darts (in quiver) Armor e - an uncursed +0 Hawaiian shirt (being worn) Comestibles b - an uncursed sprig of wolfsbane c - 7 uncursed food rations d - an uncursed egg f - an uncursed tin of spinach g - an uncursed banana Scrolls i - 4 uncursed scrolls of magic mapping Potions h - 2 uncursed potions of extra healing Wands l - an uncursed wand of secret door detection (0:13) Tools j - an uncursed expensive camera (0:55) k - an uncursed credit card m - an uncursed towel Spells and supernatural/magical abilities: Name Level Category Fail Memory W - pray for help -- divine ? -- Your skills at the end: Miscellaneous Skills wands [Basic] Weapon Skills dart [Basic] Spellcasting Skills Final Attributes: You were devoutly aligned. You had infravision. You were very stealthy. You survived. Vanquished creatures: 3 giant rats a garter snake 2 newts a sewer rat 2 humans 9 creatures vanquished. Voluntary challenges: You went without food. You did not adorn yourself with jewelry or accessories. You did not cause conflict. You were not invisible. You did not have reflection. You were not displaced. You were an atheist. You never hit with a wielded weapon. You were a pacifist. You did not use tools. You did not use plumbed fixtures. You did not drink any magical draughts. You were illiterate. You never genocided any monsters. You never polymorphed an object. You never changed form. You used no wishes. You never split a pudding. You never wrote Elbereth's name. You never violated your personal moral code. Dungeon overview: The Dungeons of Doom: levels 1 to 27 Level 1 a long staircase Level 2 Level 3 Level 4 Level 5 Level 6 Level 7 Level 8 Level 9 Level 10 Level 11 Level 12 Level 13 Level 14 Level 15 Level 16 a fountain Level 17 an altar to The Lady Level 18 Level 19 Level 20 Level 21 Level 22 Level 23 Level 24 Level 25 Level 26 Level 27 <- You were here History has recorded: On T:1 you entered the Dungeons of Doom to retrieve the Amulet of Yendor! On T:4 you reached level 2 of The Dungeons of Doom. On T:6 you reached level 3 of The Dungeons of Doom. On T:8 you reached level 4 of The Dungeons of Doom. On T:10 you reached level 5 of The Dungeons of Doom. On T:13 you reached level 6 of The Dungeons of Doom. On T:15 you reached level 7 of The Dungeons of Doom. On T:17 you reached level 8 of The Dungeons of Doom. On T:19 you reached level 9 of The Dungeons of Doom. On T:22 you reached level 10 of The Dungeons of Doom. On T:25 you reached level 11 of The Dungeons of Doom. On T:27 you reached level 12 of The Dungeons of Doom. On T:29 you reached level 13 of The Dungeons of Doom. On T:31 you reached level 14 of The Dungeons of Doom. On T:34 you reached level 15 of The Dungeons of Doom. On T:36 you reached level 16 of The Dungeons of Doom. On T:38 you reached level 17 of The Dungeons of Doom. On T:40 you reached level 18 of The Dungeons of Doom. On T:40 you entered the Rogue tribute level. On T:43 you reached level 19 of The Dungeons of Doom. On T:46 you reached level 20 of The Dungeons of Doom. On T:49 you reached level 21 of The Dungeons of Doom. On T:51 you reached level 22 of The Dungeons of Doom. On T:53 you reached level 23 of The Dungeons of Doom. On T:55 you reached level 24 of The Dungeons of Doom. On T:58 you reached level 25 of The Dungeons of Doom. On T:60 you reached level 26 of The Dungeons of Doom. On T:62 you reached The Castle. Score breakdown: Gold: 318 ( 31 points) Experience: 1 level ( 0 points) Exploration: 27 levels ( 780 points) Discoveries: 0 items ( 0 points) Variety of kills: 5 monsters ( 250 points) Major goal: (nothing yet) ( 0 points) Survival: quit (score multiplied by 3) Total score: 3183 Latest messages: You start digging downward. The ground here is too hard to dig in. You start digging downward. The ground here is too hard to dig in. You start digging downward. The ground here is too hard to dig in. You start digging downward. The ground here is too hard to dig in. You hear a distant squeak. You start digging downward. The ground here is too hard to dig in. You start digging downward. The ground here is too hard to dig in. You hear a wolf howling at the moon. You start digging downward. The ground here is too hard to dig in. You start digging downward. The ground here is too hard to dig in. You start digging downward. The ground here is too hard to dig in. You start digging downward. The ground here is too hard to dig in. You start digging downward. The ground here is too hard to dig in. You start digging downward. The ground here is too hard to dig in. That command is only available in debug mode. Final status: Aloha FIQ the Tourist, quit... You quit in The Dungeons of Doom on dungeon level 27 with 3183 points, and 1214 pieces of gold, after 85 moves. You were level 1 with a maximum of 9 hit points when you quit.